Map: Port Aleksander LE

Players

Smileblind

  • Race: Protoss Protoss
  • League: Silver
  • Spawn Location: 11:00

VOD

Have the link to the VOD?

Description

Time

  • Played on: Jan. 31, 2019, 8:01 p.m.
  • Length: 14:41
Show
View Real Time Build Order
Export as new Build Order

Smileblind Protoss 

Build Orders:  

Get SALT Encoding   

  12  0:05  Probe (Chrono Boost)  
  14  0:21  Probe (Chrono Boost)  
  14  0:30  Pylon  
  14  0:38  Probe (Chrono Boost)  
  15  0:56  Probe (Chrono Boost)  
  16  1:07  Gateway, Probe (Chrono Boost)  
  16  1:18  Assimilator, Probe (Chrono Boost)  
  18  1:35  Probe (Chrono Boost)  
  18  1:37  Pylon  
  19  1:40  Assimilator  
  19  2:06  Forge  
  19  2:08  Probe (Chrono Boost)  
  20  2:17  Cybernetics Core  
  20  2:25  Probe (Chrono Boost)  
  21  2:33  Zealot  
  23  2:42  Probe (Chrono Boost)  
  23  2:46  Pylon  
  24  2:59  Probe (Chrono Boost)  
  25  3:18  Gateway  
  25  3:21  Gateway  
  25  3:25  Gateway  
  25  3:36  Stalker  
  27  3:44  Probe (Chrono Boost)  
  28  3:58  Protoss Ground Weapons Level 1  
  29  4:01  Probe (Chrono Boost)  
  29  4:43  Nexus  
  29  4:44  Probe (Chrono Boost)  
  30  4:53  Stalker  
  32  5:00  Warp Gate  
  32  5:10  Stalker  
  32  5:18  Stalker  
  36  5:24  Probe (Chrono Boost)  
  37  5:34  Pylon  
  37  5:49  Assimilator  
  37  5:52  Assimilator  
  37  5:57  Probe (Chrono Boost)  
  38  6:09  Robotics Facility  
  38  6:14  Probe (Chrono Boost)  
  40  6:31  Probe (Chrono Boost)  
  40  6:33  Twilight Council  
  40  6:37  Probe (Chrono Boost)  
  41  6:48  Probe (Chrono Boost)  
  42  6:51  Pylon  
  42  6:52  Sentry  
  42  6:53  Sentry  
  42  6:58  Sentry  
  48  7:04  Probe (Chrono Boost)  
  48  7:08  Probe (Chrono Boost)  
  51  7:21  Probe (Chrono Boost)  
  51  7:25  Probe (Chrono Boost)  
  52  7:32  Probe (Chrono Boost)  
  53  7:42  Probe (Chrono Boost)  
  53  7:44  Probe (Chrono Boost)  
  55  7:58  Probe (Chrono Boost)  
  55  7:59  Probe (Chrono Boost)  
  57  8:03  Photon Cannon  
  57  8:08  Photon Cannon  
  57  8:18  Zealot  
  57  8:19  Photon Cannon  
  59  8:21  Zealot  
  61  8:33  Pylon  
  61  8:34  Charge  
  61  8:43  Stalker  
  61  8:44  Stalker  
  65  8:56  Probe (Chrono Boost)  
  65  8:57  Probe (Chrono Boost)  
  67  9:08  Robotics Bay  
  67  9:13  Probe (Chrono Boost)  
  67  9:14  Probe (Chrono Boost)  
  69  9:20  Immortal  
  69  9:29  Pylon  
  74  9:30  Probe (Chrono Boost)  
  74  9:36  Shield Battery  
  74  9:42  Shield Battery  
  74  9:45  Protoss Ground Weapons Level 2  
  74  10:11  Robotics Facility  
  74  10:13  Colossus  
  74  10:25  Dark Shrine  
  80  11:10  Stargate  
  80  11:13  Extended Thermal Lance  
  80  11:21  Warp Prism  
  82  11:39  Blink  
  82  11:44  Pylon  
  82  11:47  Pylon  
  82  11:50  Pylon  
  82  11:58  Colossus  
  82  12:08  Pylon  
  82  12:09  Colossus  
  88  12:10  Pylon  
  88  12:12  Dark Templar x2  
  98  12:29  Dark Templar  
  100  12:30  Dark Templar  
  102  12:47  Fleet Beacon  
  102  12:52  Void Ray  
  106  13:04  Dark Templar  
  102  13:17  Dark Templar  
  76  13:37  Zealot  
  66  13:50  Dark Templar  
  50  14:26  Dark Templar  
Tags
 
Add a new tag
Caveats
  • Supply blocks, unpowered buildings, or Contaminate may cause inaccurate times.
  • Supply counts are checked every 10 seconds.